AoeStats
← November_jp

Scandinavia

510915364Analyzed
1v1 RM · 14h ago on Oct 3, 2026· 37m 3s· 2 players
Game mode
Random Map
Map size
Tiny (2 player)
Population
200
Speed
Normal
Resources
Standard
Victory
Conquest
Starting age
Dark Age
Ending age
Imperial Age
RankedLock teamsTeams togetherTeam positionsShared explorationLock speedFull tech treeHidden civsTurbo modeCheats
Victory
Defeat
🇺🇸 Danes · United States
732
+17
🇰🇷 Poles · South Korea
751
-41
Shuksan
8:46 Loom
11:30 Feudal Age
13:03 Double-Bit Axe
13:28 Fishing Lines
14:52 Wheelbarrow
14:27 Town Watch
19:12 Castle Age
18:25 Stone Mining
19:29 Man-at-Arms
19:55 Arson
20:27 Forging
20:23 Scale Barding Armor
21:50 Gold Mining
22:06 Squires
21:53 Gambesons
23:25 Fletching
25:34 Horse Collar
30:15 Bodkin Arrow
30:52 Heavy Plow
36:08 Imperial Age
34:08 Murder Holes
34:35 Ballistics
35:02 Iron Casting
34:29 Padded Archer Armor
37:14 Conscription
November_jp
12:27 Feudal Age
12:58 Double-Bit Axe
14:00 Wheelbarrow
13:22 Gold Mining
14:07 Man-at-Arms
17:15 Fletching
17:29 Padded Archer Armor
18:42 Horse Collar
24:37 Castle Age
24:21 Scale Mail Armor
26:09 Hand Cart
25:58 Heavy Plow
26:12 Bow Saw
25:42 Long Swordsman
26:12 Arson
27:29 Squires
29:44 Forging
31:23 Iron Casting
31:04 Chain Mail Armor
31:26 Stone Mining
32:07 Crossbowman
32:56 Thumb Ring
Connection lost

Rejoining the realm…

Still unreachable

The connection could not be restored.

Session expired

The server has moved on; the page needs a fresh start.